 Dungeon Crawl Stone Soup version 0.23.0 (webtiles) character file.

Game seed: 11705614900466374340

1287 Frank the Slasher (level 8, -4/54 HPs)
             Began as an Octopode Fighter on Feb 16, 2019.
             Killed by nerve-wracking pain
             ... invoked by an orc priest
              (11 damage)
             ... on level 6 of the Dungeon.
             The game lasted 00:06:36 (4720 turns).

Frank the Slasher (Octopode Fighter)                Turns: 4720, Time: 00:06:38

Health: -4/54      AC:  1    Str: 20    XL:     8   Next: 55%
Magic:  0/8        EV: 14    Int: 10    God:
Gold:   364        SH: 10    Dex: 14    Spells: 7/7 levels left

rFire    . . .     SeeInvis .   a - +2 long sword
rCold    . . .     Gourm    .   b - +0 shield
rNeg     . . .     Faith    .   (helmet restricted)
rPois    .         Spirit   +   n - amulet of guardian spirit
rElec    .         Reflect  .   j - +1 ring of evasion
rCorr    .         Harm     .   (no ring)
MR       .....                  (no ring)
Stlth    ++++......             (no ring)
HPRegen  0.18/turn              (no ring)
MPRegen  0.11/turn              (no ring)
                                (no ring)
                                (no ring)

@: mighty
A: almost no armour, stealthy swim, amphibious, 8 rings, constrict 8, camouflage
1, gelatinous body 1
a: no special abilities


You were on level 6 of the Dungeon.
You were hungry.

You visited 2 branches of the dungeon, and saw 7 of its levels.

You collected 364 gold pieces.

Inventory:

Hand Weapons
 a - a +2 long sword (weapon)
Armour
 b - a +0 shield (worn)
Jewellery
 j - a +1 ring of evasion (left tentacle)
 n - an amulet of guardian spirit (around mantle)
 o - an uncursed ring of protection from fire {unknown}
Wands
 k - a wand of random effects (14)
 r - a wand of digging (3)
Scrolls
 g - a scroll of blinking
 i - a scroll of remove curse
 m - 4 scrolls of identify
 q - a scroll of enchant armour {unknown}
Potions
 c - a potion of resistance {unknown}
 f - a potion of lignification
 h - a potion of haste
 l - 2 potions of heal wounds {unknown}
 p - a potion of curing
 s - a potion of cancellation {unknown}
Comestibles
 d - 7 rations


   Skills:
 + Level 4.9 Fighting
 + Level 6.4 Long Blades
 + Level 4.7 Dodging
 + Level 5.8 Stealth
 + Level 4.9 Shields


You had 7 spell levels left.
You didn't know any spells.
Your spell library contained the following spells:

 Spells                   Type           Power        Failure   Level  Hunger
 Summon Small Mammal      Summ           #...         80%         1    ##.....
 Call Imp                 Summ           #.......     91%         2    ###....
 Call Canine Familiar     Summ           #.......     99%         3    ####...
 Summon Guardian Golem    Hex/Summ       #.......     99%         3    ####...
 Summon Ice Beast         Ice/Summ       #.......     100%        4    #####..
 Summon Lightning Spire   Summ/Air       #.......     100%        4    #####..


Dungeon Overview and Level Annotations

Branches:
Dungeon (6/15)             Temple (1/1) D:5

Altars:
Ashenzari
Cheibriados
Dithmenos
Fedhas
Kikubaaqudgha
Nemelex Xobeh
Okawaru
Qazlal
Ru
Sif Muna
Uskayaw
Wu Jian
Xom
Yredelemnul
The Shining One

Shops:
D:6 (

Annotations:
D:6 Eustachio


Innate Abilities, Weirdness & Mutations

You cannot wear most types of armour.
You are very stealthy in the water. (Stealth+)
You are amphibious.
You can wear up to eight rings at the same time.
You can use your tentacles to constrict eight enemies at once.
Your skin changes colour to match your surroundings (Stealth+).
Your rubbery body absorbs attacks. (AC +1, EV +1)


Message History

You feel very mighty all of a sudden.
You slash the orc priest! Your grab misses the orc priest.
You squeeze the orc priest, but do no damage.
The orc priest is heavily wounded.
Eustachio mumbles some strange words.
Eustachio blinks!
The orc priest hits you with a +0 club.
The orc wizard casts a spell.
The orc wizard blinks!
You block the orc's attack.
You hit the orc priest. You grab the orc priest.
The orc priest is almost dead.
You constrict the orc priest, but do no damage.
The orc priest calls down the wrath of Beogh upon you.
Beogh smites you!
* * * LOW HITPOINT WARNING * * *
The orc priest invokes the aid of Beogh against you.
Beogh smites you!
* * * LOW HITPOINT WARNING * * *
The orc priest calls down the wrath of Beogh upon you.
Pain shoots through your body!
You die...

### #.# #.. #... .....
.....# #.....### #####
#..ooo.#####...##
#...o@.o.......# ##
##..@ยง....###..######.
##...##### #...#.....
##..# ##........ #.##
#........ .. #........
#.# #........ #.
#........ #........


You could see Eustachio, 3 orc priests, an orc wizard and an orc.

Vanquished Creatures
  2 phantoms
  A centaur (D:5)
  2 ogres (D:5)
  2 bullfrogs
  A wyvern skeleton (D:6)
  A scorpion (D:5)
  A howler monkey (D:5)
  A crimson imp (D:6)
  A bullfrog skeleton (D:6)
  2 hounds
  A centaur skeleton (D:4)
  3 iguanas
  Natasha (thrice) (D:2)
  3 worker ants
  2 hound skeletons
  A howler monkey zombie (D:6)
  3 gnolls (D:3)
  5 adders
  A shadow imp (D:4)
  An ooze (D:1)
  An adder zombie (D:6)
  A dart slug (D:1)
  4 leopard geckos
  6 orcs
  4 giant cockroaches
  10 goblins
  3 hobgoblins
  12 jackals
  A quokka (D:6)
  A ball python (D:2)
  8 bats
  11 frilled lizards
  7 kobolds
  A leopard gecko skeleton (D:4)
  A quokka skeleton (D:4)
  A quokka zombie (D:5)
  A rat (D:3)
110 creatures vanquished.

Notes
Turn   | Place    | Note
-------+----------+-------------------------------------------
     0 | D:1      | Frank the Octopode Fighter began the quest for the Orb.
     0 | D:1      | Reached XP level 1. HP: 16/16 MP: 1/1
    11 | D:1      | Reached XP level 2. HP: 13/21 MP: 2/2
   350 | D:1      | Reached XP level 3. HP: 13/26 MP: 3/3
   801 | D:2      | Noticed Natasha
   809 | D:2      | Killed Natasha
   809 | D:2      | Reached skill level 1 in Stealth
   809 | D:2      | Reached XP level 4. HP: 22/31 MP: 4/4
   848 | D:2      | Noticed Natasha
   854 | D:2      | Killed Natasha
  1349 | D:2      | Reached skill level 3 in Long Blades
  1465 | D:2      | Noticed Natasha
  1477 | D:2      | Killed Natasha
  1477 | D:2      | Reached XP level 5. HP: 26/36 MP: 5/5
  2084 | D:3      | Reached XP level 6. HP: 25/43 MP: 6/6
  2495 | D:4      | Found a hide-covered altar of Uskayaw.
  2498 | D:4      | Noticed a -3 dagger
  2499 | D:4      | Noticed a +0 hand axe
  2552 | D:4      | Reached skill level 4 in Long Blades
  2588 | D:4      | Noticed a phantom
  2602 | D:4      | Killed a phantom
  2615 | D:4      | Reached XP level 7. HP: 21/48 MP: 7/7
  2879 | D:4      | Found a shimmering altar of Xom.
  2880 | D:4      | Found a deep blue altar of Sif Muna.
  2880 | D:4      | Found a sparkling altar of Nemelex Xobeh.
  2881 | D:4      | Found a snail-covered altar of Cheibriados.
  2965 | D:5      | Entered Level 5 of the Dungeon
  3087 | D:5      | Found an ornate altar of the Wu Jian Council.
  3109 | D:5      | Found a staircase to the Ecumenical Temple.
  3171 | D:5      | Reached skill level 5 in Long Blades
  3234 | D:5      | Reached skill level 5 in Stealth
  3252 | D:5      | Reached XP level 8. HP: 37/54 MP: 5/8
  3275 | Temple   | Entered the Ecumenical Temple
  3392 | D:5      | HP: 1/54 [centaur (8)]
  3662 | D:5      | Reached skill level 6 in Long Blades
  4221 | D:6      | Found Zaeps's Antique Weapon Shop.
  4710 | D:6      | Noticed Eustachio
  4720 | D:6      | Killed from afar by an orc priest

Skill      XL: |  1  2  3  4  5  6  7  8 |
---------------+-------------------------+-----
Stealth        | 1 2 3 4 5 |  5.8
Long Blades    | 3 4 5 6 |  6.4
Fighting       | 4 |  4.9
Shields        | 4 |  4.9
Dodging        | 4 |  4.7

Action                   |  1- 3 |  4- 6 |  7- 9 || total
-------------------------+-------+-------+-------++-------
Melee: Long sword        |    37 |    80 |    94 ||   211
       Tentacles         |    11 |    22 |    28 ||    61
       Constrict         |     9 |    21 |    28 ||    58
  Use: Scroll            |     2 |     7 |     6 ||    15
       Potion            |       |     2 |     4 ||     6
 Stab: Sleeping          |     7 |     9 |     4 ||    20
       Distracted        |       |       |     2 ||     2
  Eat: Chunk             |       |     5 |     3 ||     8
       Ration            |       |       |     1 ||     1
Armor: Skin              |     2 |     7 |     4 ||    13
Dodge: Dodged            |    18 |    39 |    56 ||   113
Block: Shield            |    11 |    41 |    46 ||    98
       Rpst.: Long sword |     5 |     9 |    20 ||    34
